 Dungeon Crawl Stone Soup version 0.30-a0-939-gc8157cb160 (webtiles) character file.

Game seed: 7721650139738393960

224 gohu the Chopper (level 6, -18/55 HPs)
             Began as a Hill Orc Fighter on Mar 25, 2023.
             Demolished by Jessica
             ... wielding a +2 dagger of electrocution
              (20 damage)
             ... on level 3 of the Dungeon.
             The game lasted 00:05:50 (2423 turns).

gohu the Chopper (Hill Orc Fighter)                 Turns: 2423, Time: 00:05:51

Health: -18/55     AC: 10    Str: 27    XL:     6   Next: 0%
Magic:  6/6        EV:  8    Int:  8    God:
Gold:   119        SH:  4    Dex: 10    Spells: 5/5 levels left

rFire   . . .      SeeInvis .    a - +0 war axe
rCold   . . .      Faith    .    c - +0 buckler
rNeg    . . .      Spirit   .    j - +0 chain mail
rPois   .          Reflect  .    (no helmet)
rElec   .          Rampage  .    (no cloak)
rCorr   .                        k - +0 pair of gloves
Will    .....                    (no boots) Stlth
                                 (no amulet)
HPRegen 0.29/turn                h - +6 ring of strength
MPRegen 0.10/turn                (no ring)

@: no status effects
A: no striking features
a: no special abilities


You were on level 3 of the Dungeon.
You visited 1 branch of the dungeon, and saw 4 of its levels.

You collected 119 gold pieces.

Inventory:

Hand Weapons
 a - a +0 war axe (weapon)
Missiles
 u - 4 boomerangs (quivered)
Armour
 b - a +0 scale mail
 c - a +0 buckler (worn)
 j - a +0 chain mail (worn)
 k - a +0 pair of gloves (worn)
Jewellery
 h - a +6 ring of strength (left hand)
Wands
 l - a wand of charming (9)
Scrolls
 e - 2 scrolls of amnesia {unknown}
 g - a scroll of enchant weapon {unknown}
 i - a scroll of torment {unknown}
 m - a scroll of teleportation {unknown}
 o - 2 scrolls of identify {unknown}
 q - a scroll of acquirement {unknown}
 s - a scroll of summoning {unknown}
Potions
 d - 2 potions of might
 n - a potion of brilliance {unknown}
 p - a potion of curing {unknown}
 r - a potion of degeneration {unknown}
 t - a potion of resistance {unknown}


   Skills:
 * Level 4.8 Fighting
 * Level 6.5 Axes
 + Level 4.1 Armour
 - Level 3.2 Shields


You had 5 spell levels left.
You didn't know any spells.
Your spell library contained the following spells:

 Spells                   Type           Power      Damage    Failure   Level
 Kiss of Death            Conj/Necr      0%         2d5       98%         1
 Cigotuvi's Dreadful Rot  Necr/Pois/Air  0%         N/A       99%         2
 Poisonous Vapours        Pois/Air       0%         N/A       99%         2
 Confusing Touch          Hex            0%         N/A       100%        3
 Mephitic Cloud           Conj/Pois/Air  0%         N/A       100%        3
 Dispel Undead            Necr           0%         3d6       100%        4


Dungeon Overview and Level Annotations

Branches:
Dungeon (4/15)
 Temple: D:4-7

Altars:
Elyvilon

Annotations:
D:3 Jessica


Message History

The goblin shoots a sling bullet.
The sling bullet closely misses you.
The jackal bites you but does no damage.
The jackal attacks as you move away! You block the jackal's attack.
The goblin shoots a sling bullet.
The sling bullet closely misses you.
The goblin shoots a sling bullet.
You block the sling bullet. You block the jackal's attack.
The jackal closely misses you. The jackal attacks as you move away!
The jackal completely misses you.
The jackal bites you but does no damage.
The jackal attacks as you move away! You block the jackal's attack.
Jessica gestures wildly while chanting.
Jessica seems to speed up.
The jackal barely misses you.
You slash the jackal!
You kill the jackal!
Jessica mumbles some strange words.
Jessica blinks!
Jessica hits you with a +2 dagger of electrocution.
You see here a jackal corpse.
You slash Jessica!
Jessica is severely wounded.
Jessica hits you but does no damage. The goblin hits you with a +0 dagger.
Jessica points at you and mumbles some strange words.
Pain shoots through your body!
You hit Jessica but do no damage.
Jessica is severely wounded.
You hit the goblin.
You kill the goblin!
Jessica hits you with a +2 dagger of electrocution.
You are electrocuted!!
* * * LOW HITPOINT WARNING * * *
You have reached level 6!
It was a potion of magic.
Magic courses through your body.
Jessica gestures wildly.
Jessica hits you with a +2 dagger of electrocution.
* * * LOW HITPOINT WARNING * * *
The goblin hits you with a +0 club.
* * * LOW HITPOINT WARNING * * *
Jessica hits you but does no damage.
You are electrocuted!!
You die...

#.........##
#......##.#
###.....##.#
#..........#
#.......####
#.......#
#.......#
#######@#
#@# #g# #.#
#.# #.# #.#
#.# #.# #.#


You could see Jessica (fast) and a goblin.

Vanquished Creatures
  Terence (D:3)
  An iguana (D:3)
  Robin (D:2)
  4 gnolls (D:2)
  2 adders (D:2)
  A worm (D:2)
  A dart slug (D:1)
  5 ball pythons
  8 endoplasms
  3 giant cockroaches
  16 goblins
  9 hobgoblins
  11 jackals
  5 kobolds
  5 quokkas
  6 bats
  5 frilled lizards
  6 rats
90 creatures vanquished.

Notes
Turn   | Place    | Note
-------+----------+-------------------------------------------
     0 | D:1      | gohu the Hill Orc Fighter began the quest for the Orb.
     0 | D:1      | Reached XP level 1. HP: 19/19 MP: 1/1
    97 | D:1      | Reached skill level 3 in Axes
    97 | D:1      | Reached XP level 2. HP: 27/27 MP: 2/2
   334 | D:1      | Reached XP level 3. HP: 33/33 MP: 3/3
   666 | D:1      | Reached skill level 4 in Axes
  1184 | D:2      | Reached XP level 4. HP: 33/40 MP: 4/4
  1348 | D:2      | Reached skill level 5 in Axes
  1516 | D:2      | Noticed Robin
  1550 | D:2      | Killed Robin
  1551 | D:2      | Reached XP level 5. HP: 7/47 MP: 5/5
  1834 | D:3      | Noticed Terence
  2144 | D:3      | Found a white marble altar of Elyvilon.
  2189 | D:3      | Killed Terence
  2190 | D:3      | Reached skill level 6 in Axes
  2392 | D:3      | Noticed Jessica
  2423 | D:3      | Reached XP level 6. HP: 6/55 MP: 6/6
  2423 | D:3      | HP: 2/55 [goblin/+0 club (1)]
  2423 | D:3      | Demolished by Jessica

Illustrated notes

Levels and vault maps discovered:
D:1:      giann_forest_graveyard, layout_basic
D:2:      layout_basic, minmay_misc_feat_nine_boxes, uniq_robin
D:3:      kennysheep_goblin_castle, layout_basic,
          mainiacjoe_overflow_small_starburst, nrook_campfire, uniq_terence,
          uniq_jessica, uniq_crazy_yiuf_cottage
D:4:      layout_rooms

Skill      XL: |  1  2  3  4  5 |
---------------+----------------+-----
Fighting       | 4 |  4.8
Axes           | 3 4 5 6 |  6.5
Armour         | 4 |  4.1
Shields        | |  3.2

Action                     |  1- 3 |  4- 6 || total
---------------------------+-------+-------++-------
  Melee: War axe           |    95 |   121 ||   216
    Use: Potion            |       |     5 ||     5
 Armour: Scale mail        |    53 |    25 ||    78
         Chain mail        |       |    59 ||    59
  Dodge: Dodged            |    56 |    66 ||   122
  Block: Buckler           |    25 |    45 ||    70

Table legend: (Time is in decaauts)
 A = Elapsed time spent in this place.
 B = Non-inter-level travel time spent in this place.
 C = Inter-level travel time spent in this place.
 D = Time resting spent in this place.
 E = Time spent auto-exploring this place.
 F = Levels seen in this place.
 G = Mean time per level.
                   A        B        C        D        E       F      G
               +--------+--------+--------+--------+--------+-----+--------+
         Total |   2477 |   2321 |    156 |      0 |   1589 |   4 |  619.2 |
       Dungeon |   2477 |   2321 |    156 |      0 |   1589 |   4 |  619.2 |
               +--------+--------+--------+--------+--------+-----+--------+

Top non-repeatable levels by time:
     D:1: 1167 daAuts
     D:2: 946 daAuts
     D:3: 359 daAuts
     D:4: 3 daAuts
